 Dungeon Crawl Stone Soup version 0.29.1-12-g30fa7ad0bf (webtiles) character file.

Game seed: 6918346421480612300

68 ThatPearl the Chiller (level 3, -1/28 HPs)
             Began as a Demigod Ice Elementalist on Jan 8, 2023.
             Slain by Terence
             ... wielding a +0 hand axe
              (8 damage)
             ... on level 3 of the Dungeon.
             The game lasted 00:08:12 (2106 turns).

ThatPearl the Chiller (Demigod Ice Elementalist)    Turns: 2106, Time: 00:08:12

Health: -1/28      AC:  3    Str:  9    XL:     3   Next: 73%
Magic:  0/9        EV: 12    Int: 21    God:
Gold:   88         SH:  0    Dex: 14    Spells: 2/6 levels left

rFire   + . .      SeeInvis .   h - +0 short sword
rCold   . . .      Faith    .   (no shield)
rNeg    . . .      Spirit   .   a - +0 robe
rPois   .          Reflect  .   (no helmet)
rElec   .          Harm     .   (no cloak)
rCorr   .          Rampage  .   c - +0 pair of gloves
Will    .....                   (no boots)
Stlth   ++........              (no amulet)
HPRegen 0.09/turn               v - ring of protection from fire
MPRegen 0.11/turn               (no ring)

@: freezing walls, very slightly contaminated
A: high MP 1, forlorn, divine attributes
a: no special abilities


You were on level 3 of the Dungeon.
You visited 1 branch of the dungeon, and saw 3 of its levels.

You collected 88 gold pieces.

Inventory:

Hand Weapons
 h - a +0 short sword (weapon)
 q - a +0 quarterstaff
 u - a +0 sling
Missiles
 l - 8 stones
 w - 6 poisoned darts
Armour
 a - a +0 robe (worn)
 c - a +0 pair of gloves (worn)
 p - a +0 leather armour
 r - an orb of guile
Jewellery
 v - a ring of protection from fire (left hand)
Scrolls
 d - a scroll of magic mapping {unknown}
 f - a scroll of butterflies {unknown}
 g - 4 scrolls of identify {unknown}
 k - a scroll of silence {unknown}
 m - a scroll of noise {unknown}
 n - 2 scrolls of teleportation {unknown}
 o - a scroll of summoning {unknown}
 t - a scroll of enchant armour {unknown}
Potions
 b - a potion of magic
 e - a potion of might {unknown}
 i - 2 potions of curing {unknown}
 j - a potion of brilliance {unknown}
 s - a potion of heal wounds {unknown}


   Skills:
 + Level 1.4 Fighting
 + Level 2.5 Dodging
 - Level 1.7 Stealth
 + Level 2.3 Spellcasting
 + Level 4.0 Ice Magic


You had 2 spell levels left.
You knew the following spells:

 Your Spells              Type           Power      Damage    Failure   Level
f - Freeze                Ice            76%        1d9       2%          1
r - Frozen Ramparts       Ice            38%        1d6       9%          3

Your spell library contained the following spells:

 Spells                   Type           Power      Damage    Failure   Level
 Ozocubu's Armour         Ice            19%        N/A       9%          3
 Hailstorm                Conj/Ice       10%        3d5       52%         4


Dungeon Overview and Level Annotations

Branches:
Dungeon (3/15)

Annotations:
D:3 Terence


Innate Abilities, Weirdness & Mutations

You have an increased reservoir of magic. (+10% MP)
You shall have no god before yourself.
Your divine heritage dramatically boosts your attributes as you level up.


Message History

The spell is quite dangerous to miscast (9% risk of failure)!
Continue anyway?
Casting: Frozen Ramparts (quite dangerous; 9% risk of failure)
Press: ? - help, Dir - look around, f - activate You miscast Frozen Ramparts.
You are very lightly contaminated with residual magic.
Nothing appears to happen.
Casting: Frozen Ramparts (quite dangerous; 9% risk of failure)
Confirm with . or Enter, or press ? or * to list all spells.
The spell is quite dangerous to miscast (9% risk of failure)!
Continue anyway?
Casting: Frozen Ramparts (quite dangerous; 9% risk of failure)
Press: ? - help, Dir - look around, f - activate The walls around you are covered in ice.
The wall freezes Terence but does no damage.
Terence hits you with a +0 hand axe.
Aiming: Freeze (safe; 2% risk of failure)
Press: ? - help, Q - select action, (/) - cycle Shift-Dir - straight line, f - Terence
Aim: Terence, wielding a +0 hand axe and wearing a +3 scale mail of positive energy You freeze Terence.
Terence is moderately wounded.
The wall freezes Terence.
Terence hits you with a +0 hand axe.
Aiming: Freeze (safe; 2% risk of failure)
Press: ? - help, Q - select action, (/) - cycle Shift-Dir - straight line, f/p - Terence
Aim: Terence, wielding a +0 hand axe and wearing a +3 scale mail of positive energy (heavily wounded)
You freeze Terence!
Terence is almost dead.
The wall freezes Terence but does no damage.
Terence hits you with a +0 hand axe.
You hit Terence but do no damage.
Terence is almost dead.
The wall freezes Terence but does no damage.
Terence closely misses you.
You hit Terence but do no damage.
Terence is almost dead.
The wall freezes Terence.
Terence hits you with a +0 hand axe.
* * * LOW HITPOINT WARNING * * *
You hit Terence but do no damage.
Terence is almost dead.
The wall freezes Terence but does no damage.
Terence hits you with a +0 hand axe!
You die...

##### ######...#
#....#...# ###....#...#
#.
...........############.
#@...##...........
#@...##...........
#....##...........
#....##...........
###....##...........
.........'...........
#.....##.##<....†....#
#.....##.##..........#
#..... #.##..........#


You could see Terence.

Vanquished Creatures
  2 adders (D:2)
  2 worms
  A bat (D:1)
  5 endoplasms
  4 giant cockroaches
  4 goblins
  4 hobgoblins
  3 jackals (D:1)
  2 quokkas (D:1)
  7 ball pythons
  A kobold (D:1)
  4 rats
39 creatures vanquished.

Notes
Turn   | Place    | Note
-------+----------+-------------------------------------------
     0 | D:1      | ThatPearl the Demigod Ice Elementalist began the quest for
                  | the Orb.
     0 | D:1      | Reached XP level 1. HP: 14/14 MP: 5/5
   328 | D:1      | Reached XP level 2. HP: 15/22 MP: 2/7
   778 | D:1      | Reached skill level 1 in Fighting
  1117 | D:2      | Reached XP level 3. HP: 28/28 MP: 4/8
  1154 | D:2      | Learned a level 3 spell: Frozen Ramparts
  1651 | D:2      | Reached skill level 4 in Ice Magic
  2093 | D:3      | Noticed Terence
  2106 | D:3      | Slain by Terence

Illustrated notes

Levels and vault maps discovered:
D:1:      minmay_arrival_jagged, layout_loops_ring,
          hellmonk_ecumenical_altar_zigzags, minmay_cut_off
D:2:      layout_rooms
D:3:      layout_basic, kennysheep_boxes, uniq_terence

Skill      XL: |  1  2  3 |
---------------+----------+-----
Dodging        | 2 |  2.5
Spellcasting   | 2 |  2.3
Fighting       | 1 |  1.4
Ice Magic      | 4 |  4.0
Stealth        | |  1.7

Action                   || total
-------------------------++-------
Melee: Unarmed           ||     3
       Short sword       ||    38
       Punch             ||     1
 Cast: Freeze            ||    60
       Frozen Ramparts   ||     1
 Stab: Sleeping          ||     6
Armor: Robe              ||    17
Dodge: Dodged            ||    51
